Map: Blackburn LE

Players

TIME (Oliveira)

  • Race: Terran Terran

ShoWTimE - Winner!

  • Race: Protoss Protoss

Event: TSL 8

VOD

Have the link to the VOD?

Description

Time

  • Played on: Nov. 27, 2021, 9:39 a.m.
  • Length: 10:47

All games in this series

Show
View Real Time Build Order
Export as new Build Order

TIME Terran 

Build Orders:  

Get SALT Encoding   

  12  0:00  SCV  
  13  0:12  SCV  
  14  0:17  Supply Depot  
  14  0:25  SCV  
  15  0:38  SCV  
  15  0:40  Barracks  
  16  0:43  Refinery  
  16  0:51  SCV  
  17  1:03  SCV  
  18  1:15  SCV  
  19  1:27  Marine  
  19  1:28  Orbital Command  
  20  1:47  Command Center  
  20  1:53  SCV  
  21  1:56  Factory  
  21  2:03  Barracks Reactor  
  21  2:05  SCV  
  22  2:09  Supply Depot  
  22  2:17  SCV  
  22  2:21  Barracks  
  23  2:31  SCV  
  23  2:36  Refinery  
  24  2:43  SCV  
  25  2:45  Barracks Tech Lab  
  25  2:46  Hellion x2  
  29  2:55  SCV  
  30  3:00  Orbital Command  
  30  3:05  Barracks  
  30  3:06  Marine  
  31  3:17  SCV, Factory Tech Lab  
  31  3:18  Stimpack  
  32  3:21  Marine x2  
  34  3:29  Marine  
  35  3:39  Marine x2  
  39  3:41  Cyclone  
  39  3:46  SCV x2  
  39  3:47  Marine  
  40  3:53  Barracks Tech Lab  
  40  3:57  Marine  
  40  3:58  Supply Depot, SCV x2  
  40  4:01  Marine  
  44  4:08  Marine  
  45  4:10  SCV  
  45  4:18  Marine  
  46  4:25  Supply Depot  
  46  4:29  Combat Shield  
  46  4:32  Marine  
  46  4:33  Marauder, SCV x2, Siege Tank  
  54  4:40  Engineering Bay  
  54  4:42  Supply Depot  
  54  4:46  SCV x2, Marine x2  
  60  4:53  Marauder  
  60  4:56  Marauder  
  62  5:03  Supply Depot  
  62  5:04  SCV x2  
  62  5:05  Siege Tank  
  62  5:06  Marine x2  
  69  5:15  Missile Turret  
  69  5:16  SCV  
  69  5:17  Missile Turret  
  70  5:25  Marauder x2, SCV  
  70  5:27  Supply Depot  
  70  5:28  Marine  
  75  5:33  Terran Infantry Weapons Level 1, Concussive Shells  
  75  5:34  Marine  
  77  5:35  SCV  
  77  5:41  SCV  
  78  5:49  Siege Tank  
  81  5:50  Marine  
  81  5:51  Marauder, Marine  
  81  5:55  SCV  
  82  5:58  Marine  
  82  6:00  SCV  
  84  6:09  Bunker  
  84  6:10  Marine  
  84  6:11  Marauder  
  86  6:13  Supply Depot, Refinery x2  
  86  6:17  SCV  
  87  6:21  Marauder, Marine  
  87  6:22  Bunker x2  
  87  6:36  Marine  
  87  6:37  Marauder  
  87  6:38  Siege Tank  
  84  6:40  SCV  
  84  6:41  SCV  
  86  6:53  SCV  
  87  6:54  Starport  
  87  6:58  Marine x2  
  87  6:59  Marauder  
  90  7:02  Missile Turret  
  90  7:04  Marauder  
  90  7:06  SCV  
  92  7:08  SCV  
  92  7:13  Supply Depot  
  92  7:14  Siege Tank  
  94  7:16  Marine  
  94  7:18  SCV  
  93  7:28  Marine  
  93  7:29  Marauder, Marine  
  80  7:34  Starport Reactor  
  67  7:38  Terran Infantry Armor Level 1  
  67  7:40  Marine  
  65  7:45  Command Center  
  65  7:46  Marine  
  65  7:47  Marauder, SCV  
  65  7:50  Marine  
  71  7:51  Siege Tank  
  70  8:00  Command Center, Marine  
  70  8:03  SCV x2  
  70  8:05  Marine  
  74  8:08  Marauder  
  74  8:11  Marauder  
  78  8:14  Medivac x2  
  78  8:16  SCV  
  78  8:17  SCV  
  78  8:18  Marine  
  88  8:30  Widow Mine  
  88  8:31  Marauder, Barracks x2  
  88  8:33  Marine  
  90  8:36  Supply Depot  
  90  8:38  Marine  
  90  8:39  Marauder  
  93  8:41  SCV  
  93  8:42  SCV  
  93  8:46  Medivac x2  
  99  8:54  Marauder  
  101  8:56  Siege Tank, Marine  
  101  8:57  SCV  
  101  8:59  SCV  
  107  9:02  Marine  
  107  9:09  Armory  
  108  9:10  Engineering Bay  
  108  9:13  Marauder  
  108  9:16  SCV x2  
  112  9:20  Barracks Reactor, Barracks Tech Lab  
  112  9:26  Marauder, Marine x2  
  112  9:30  Siege Tank  
  112  9:31  SCV x2  
  120  9:39  Orbital Command  
  120  9:42  Viking  
  120  9:45  Viking  
  124  9:53  Marine  
  124  9:54  Marine  
  124  9:55  SCV  
  124  9:56  SCV  
  128  10:05  Siege Tank  
  131  10:09  SCV  
  131  10:11  SCV  
  131  10:12  Supply Depot  
  131  10:14  Supply Depot  
  133  10:15  Supply Depot, Viking  
  133  10:20  Marine x3  
  133  10:21  Missile Turret  
Show
View Real Time Build Order
Export as new Build Order

ShoWTimE Protoss - Winner!

Build Orders: 1 Gate Expand, Oracle Opening 

Get SALT Encoding   

  12  0:00  Probe  
  13  0:12  Probe  
  14  0:17  Pylon  
  14  0:24  Probe  
  15  0:35  Gateway  
  15  0:36  Probe (Chrono Boost)  
  16  0:46  Assimilator, Probe (Chrono Boost)  
  17  0:51  Probe (Chrono Boost)  
  18  1:03  Probe  
  19  1:15  Probe  
  20  1:22  Nexus  
  20  1:32  Cybernetics Core  
  20  1:36  Probe  
  21  1:42  Assimilator  
  21  1:48  Probe  
  21  1:52  Pylon  
  22  2:00  Probe  
  23  2:07  Adept (Chrono Boost)  
  23  2:12  Probe  
  26  2:18  Stargate  
  26  2:25  Probe (Chrono Boost)  
  26  2:27  Adept (Chrono Boost)  
  27  2:32  Warp Gate  
  27  2:34  Probe (Chrono Boost)  
  31  2:43  Probe (Chrono Boost)  
  32  2:44  Probe (Chrono Boost)  
  32  2:49  Probe x2 (Chrono Boost)  
  32  2:50  Adept  
  36  2:54  Pylon  
  36  3:01  Probe x2  
  36  3:03  Oracle (Chrono Boost)  
  41  3:11  Shield Battery  
  41  3:13  Probe  
  41  3:14  Probe  
  43  3:25  Gateway, Probe  
  43  3:26  Probe  
  45  3:37  Gateway, Probe  
  45  3:38  Probe  
  47  3:46  Twilight Council  
  47  3:49  Probe  
  47  3:51  Probe  
  47  3:54  Pylon  
  49  4:03  Nexus  
  49  4:08  Assimilator, Probe  
  49  4:09  Probe  
  51  4:14  Blink (Chrono Boost)  
  51  4:20  Probe  
  51  4:21  Stalker x2, Probe  
  54  4:31  Stalker  
  54  4:33  Probe x2  
  58  4:40  Shield Battery  
  58  4:43  Pylon  
  58  4:45  Probe x2  
  60  4:57  Probe  
  61  5:00  Probe  
  61  5:01  Stalker x3  
  61  5:03  Pylon  
  68  5:07  Forge  
  68  5:09  Probe  
  68  5:13  Probe  
  70  5:17  Probe  
  71  5:24  Stalker  
  71  5:25  Stalker x2  
  77  5:35  Gateway x2  
  77  5:39  Gateway  
  77  5:40  Protoss Ground Armor Level 1 (Chrono Boost)  
  77  5:46  Gateway  
  75  5:50  Shield Battery  
  75  5:54  Stalker x3, Charge (Chrono Boost)  
  81  5:59  Pylon  
  81  6:16  Pylon  
  81  6:18  Stalker x3  
  83  6:22  Pylon  
  83  6:23  Shield Battery  
  85  6:38  Zealot x3  
  89  6:42  Zealot x4, Pylon  
  93  6:51  Pylon  
  93  6:52  Gateway  
  91  6:57  Gateway  
  91  7:03  Zealot x7  
  105  7:08  Probe x2  
  105  7:09  Probe  
  105  7:13  Templar Archives  
  106  7:26  Zealot x6  
  106  7:28  Probe  
  106  7:29  Probe  
  106  7:31  Psionic Storm  
  106  7:32  Probe  
  101  7:40  Assimilator, Probe  
  101  7:41  Assimilator, Probe  
  101  7:42  Protoss Ground Weapons Level 1 (Chrono Boost)  
  101  7:43  Assimilator  
  101  7:44  Probe  
  102  7:50  Sentry  
  104  7:52  Probe  
  104  7:53  Probe  
  104  7:55  High Templar x2  
  104  7:56  Probe  
  111  8:06  Pylon  
  111  8:11  Photon Cannon, Shield Battery  
  111  8:14  Robotics Facility  
  111  8:16  Probe  
  111  8:17  Probe, Pylon  
  111  8:18  Probe  
  114  8:21  High Templar  
  114  8:25  Zealot x2  
  114  8:26  Zealot x4  
  128  8:31  Pylon  
  128  8:36  Pylon  
  128  8:37  High Templar  
  128  8:38  Pylon  
  130  8:44  Nexus  
  130  8:46  Pylon  
  130  8:55  Zealot x2, High Templar x2  
  134  8:57  Pylon  
  134  9:00  Probe x3  
  141  9:02  Archon  
  141  9:04  Warp Prism (Chrono Boost)  
  141  9:09  High Templar x2  
  147  9:10  Phoenix  
  147  9:12  Probe  
  147  9:14  Archon  
  148  9:17  Pylon  
  148  9:18  Sentry  
  148  9:20  Stalker x2  
  154  9:27  Zealot x2  
  158  9:32  Zealot x2  
  160  9:42  Robotics Bay  
  160  9:45  Robotics Facility  
  160  9:47  Probe x3  
  163  10:03  Zealot  
  163  10:04  Zealot x6  
  177  10:07  Zealot  
  177  10:10  Zealot  
  179  10:17  Observer  
Tags
 
Add a new tag
Caveats
  • Supply blocks, unpowered buildings, or Contaminate may cause inaccurate times.
  • Supply counts are checked every 10 seconds.